 Dungeon Crawl Stone Soup version 0.24-a0-422-g9eff3895ba (webtiles) character file.

Game seed: 11892550642629282668

36 KristoblXynda the Ruffian (level 3, -1/28 HPs)
             Began as a Draconian Transmuter on June 12, 2019.
             Slain by a howler monkey (5 damage)
             ... on level 2 of the Dungeon.
             The game lasted 00:02:04 (1450 turns).

KristoblXynda the Ruffian (Draconian Transmuter)    Turns: 1450, Time: 00:02:04

Health: -1/28      AC:  5    Str: 12    XL:     3   Next: 19%
Magic:  5/6        EV: 12    Int: 14    God:
Gold:   54         SH:  0    Dex: 11    Spells: 2/6 levels left

rFire    . . .     SeeInvis .     - Unarmed
rCold    . . .     Gourm    .   (no shield)
rNeg     . . .     Faith    .   (armour unavailable)
rPois    .         Spirit   .   (helmet restricted)
rElec    .         Reflect  .   (no cloak)
rCorr    .         Harm     .   (no gloves)
MR       .....                  (boots currently unavailable)
Stlth    +.........             (no amulet)
HPRegen  0.09/turn              (no ring)
MPRegen  0.10/turn              (no ring)

@: appendage
A: unfitting armour, talons 3, cold-blooded, AC +5
a: End Transformation


You were on level 2 of the Dungeon.
You were not hungry.
You had grown temporary talons.
You visited 1 branch of the dungeon, and saw 2 of its levels.

You collected 54 gold pieces.

Inventory:

Missiles
 a - 30 arrows
Jewellery
 e - an uncursed amulet of regeneration {unknown}
 i - an uncursed ring of ice {unknown}
Scrolls
 b - 2 scrolls of identify {unknown}
 d - a scroll of amnesia {unknown}
 g - a scroll of remove curse {unknown}
 j - a scroll of immolation {unknown}
Potions
 f - a potion of agility {unknown}
 h - a potion of cancellation {unknown}
Comestibles
 c - 5 rations
 k - a chunk of flesh


   Skills:
 - Level 1.1 Fighting
 + Level 2.2 Dodging
 * Level 3.7 Unarmed Combat
 - Level 2.0 Spellcasting
 + Level 2.5 Transmutations


You had 2 spell levels left.
You knew the following spells:

 Your Spells              Type           Power        Failure   Level  Hunger
a - Beastly Appendage     Tmut           #.....       9%          1    ##.....
b - Spider Form           Tmut/Pois      #.........   38%         3    ####...

Your spell library contained the following spells:

 Spells                   Type           Power        Failure   Level  Hunger
 Sticks to Snakes         Tmut           #.......     13%         2    ###....
 Ice Form                 Ice/Tmut       #.......     80%         4    #####..
 Blade Hands              Tmut           #.........   93%         5    ######.


Dungeon Overview and Level Annotations

Branches:
Dungeon (2/15)

Altars:


Innate Abilities, Weirdness & Mutations

Your plain brown scales are hard. (AC +5)
You cannot fit into any form of body armour.
You are cold-blooded and may be slowed by cold attacks.
You have claws for feet.


Message History

Your feet morph into talons.
The howler monkey hits you.
You barely miss the howler monkey. You tail-slap the howler monkey.
The howler monkey is heavily wounded.
The howler monkey hits you.
* * * LOW HITPOINT WARNING * * *
You barely miss the howler monkey. You claw the howler monkey.
The howler monkey is severely wounded.
The howler monkey hits you.
* * * LOW HITPOINT WARNING * * *
A hobgoblin comes into view. It is wielding a +0 club.
You closely miss the howler monkey.
The hobgoblin shouts!
You claw the howler monkey, but do no damage.
The howler monkey is severely wounded.
The howler monkey hoots and howls with incredible vigour!
You hear a shout! x2
You closely miss the howler monkey. Your punch misses the howler monkey.
The howler monkey is severely wounded.
The howler monkey hits you.
You die...

#.... #%..# #
#.$K### #.#...#.(
###.#...#.#
.......!#.#
........#.#
.[.......g#####+#
.##..##....Krh@.#
#.. +.<...g####
#.. #.÷....# #.
#..÷...# #..!...#
...........#
..##.......#
#....%..#
#.#+#+###


You could see a howler monkey, 2 hobgoblins, a kobold and a rat.

Vanquished Creatures
  A dart slug (D:1)
  A leopard gecko (D:2)
  A bat (D:1)
  2 giant cockroaches
  4 goblins (D:1)
  3 hobgoblins (D:1)
  7 jackals (D:1)
  3 kobolds (D:1)
  A frilled lizard (D:2)
  5 rats
28 creatures vanquished.

Notes
Turn   | Place    | Note
-------+----------+-------------------------------------------
     0 | D:1      | KristoblXynda the Draconian Transmuter began the quest for
                  | the Orb.
     0 | D:1      | Reached XP level 1. HP: 16/16 MP: 3/3
    84 | D:1      | Reached XP level 2. HP: 5/23 MP: 5/5
   945 | D:1      | Reached XP level 3. HP: 13/28 MP: 6/6
  1121 | D:1      | Learned a level 3 spell: Spider Form
  1450 | D:2      | Slain by a howler monkey

Levels and vault maps discovered:
D:1:      ebering_trefoil_3fold, layout_basic, minmay_tetromino_l2
D:2:      minmay_chambers_of_twos, layout_basic, first_ration

Skill      XL: |  1 |
---------------+----+-----
Dodging        | 2 |  2.2
Fighting       | |  1.1
Unarmed Combat | |  3.7
Spellcasting   | |  2.0
Transmutations | |  2.5

Action                   || total
-------------------------++-------
Melee: Unarmed           ||   123
       Punch             ||     3
       Tailslap          ||    11
       Kick              ||     4
 Cast: Beastly Appendage ||     3
  Eat: Chunk             ||     2
Armor: Skin              ||    30
Dodge: Dodged            ||    84

Table legend:
 A = Non-vault XP
 B = Vault XP
 C = Vault XP percentage of total XP
 D = Non-vault monster count
 E = Vault monster count
 F = Vault count percentage of total count
                 A         B        C        D         E       F
            +---------+---------+-------+---------+---------+-------
      Total |      52 |       0 |   0.0 |      28 |       0 |   0.0
            +---------+---------+-------+---------+---------+-------
        D:1 |      45 |       0 |   0.0 |      24 |       0 |   0.0
        D:2 |       7 |       0 |   0.0 |       4 |       0 |   0.0
            +---------+---------+-------+---------+---------+-------
